 Dungeon Crawl Stone Soup version 0.25-a0-576-g50b708a4c4 (webtiles) character file.

Game seed: 18074047957427475742, levelgen mode: deterministic

357 Flugslaktarn the Chopper (level 6, -4/57 HPs)
             Began as a Deep Dwarf Fighter on Mar 1, 2020.
             Slain by an ogre
             ... wielding a +0 giant spiked club
              (26 damage)
             ... on level 4 of the Dungeon.
             The game lasted 00:00:31 (491 turns).

Flugslaktarn the Chopper (Deep Dwarf Fighter)        Turns: 491, Time: 00:00:32

Health: -4/57      AC:  7    Str: 22    XL:     6   Next: 37%
Magic:  4/4        EV:  7    Int:  8    God:
Gold:   63         SH: 10    Dex: 12    Spells: 5/5 levels left

rFire    . . .     SeeInvis .   a - +0 war axe
rCold    . . .     Gourm    .   c - +0 kite shield
rNeg     . . .     Faith    .   b - +0 scale mail
rPois    .         Spirit   .   (no helmet)
rElec    .         Reflect  .   (no cloak)
rCorr    .         Harm     .   (no gloves)
MR       .....                  (no boots)
Stlth    ..........             (no amulet)
HPRegen  0.00/turn              (no ring)
MPRegen  0.09/turn              (no ring)

@: non-regenerating
A: damage resistance, heal wounds, sense surroundings 1, no regeneration
a: Heal Wounds


You were on level 4 of the Dungeon.
You were not hungry.

You visited 1 branch of the dungeon, and saw 4 of its levels.

You collected 63 gold pieces.

Inventory:

Hand Weapons
 a - a +0 war axe (weapon)
Armour
 b - a +0 scale mail (worn)
 c - a +0 kite shield (worn)
Scrolls
 f - 3 scrolls of identify {unknown}
 h - a scroll of amnesia {unknown}
 j - a scroll of teleportation {unknown}
Potions
 d - a potion of might
 i - a potion of invisibility {unknown}
Comestibles
 e - a ration
 g - 13 chunks of flesh


   Skills:
 + Level 3.7 Fighting
 * Level 5.0 Axes
 + Level 4.5 Armour
 + Level 4.5 Shields


You had 5 spell levels left.
You didn't know any spells.
Your spell library was empty.

Dungeon Overview and Level Annotations

Branches:
Dungeon (4/15)
 Temple: D:4-7

Altars:


Innate Abilities, Weirdness & Mutations

You are resistant to damage.
You can heal yourself by infusing magical energy.
You passively map a small area around you.
You do not regenerate.


Message History

Some of the chunks of flesh in your inventory have rotted away.
An ogre comes into view. It is wielding a +0 giant spiked club.
The ogre shouts!
You block the ogre's attack.
An ogre is nearby!
An ogre is nearby!
An ogre is nearby!
You hit the ogre.
The ogre is lightly wounded.
You block the ogre's attack.
You hit the ogre.
The ogre is lightly wounded.
The ogre hits you with a +0 giant spiked club!!
You hit the ogre.
The ogre is moderately wounded.
The ogre hits you with a +0 giant spiked club!
You slash the ogre!
The ogre is heavily wounded.
The ogre hits you with a +0 giant spiked club!!
You die...

##.## , ##.#.## .# ,
** #.#.#.##.#.#* ,*
* .#.#.#.##.#.# , ,
* #.###.#.##.#.# , *
.##.##.#.##.#.# , **
, ##.#.##.#.##.#.# *
, #.#.#.##.#.##.#.##
* .#...#.##.#.##.#@#
#.##....##.#.##.#O#
, ≈
.#.##.#...#.##.#.##
* ≈
#.#.##.#.#.##.#.##**
* , ≈
##.#.##.#.##.#.##,,
≈ ≈ .##.#.##.##.#.##
, , , ≈
#.##.#.###.#.## , ≈
≈≈≈≈ .#.##.#.#.#.##
.≈≈≈≈ #.#.##.#.#.##
* ≈.≈≈≈≈


You could see an ogre.

Vanquished Creatures
  An ogre (D:4)
  An orc priest (D:4)
  A centaur skeleton (D:4)
  A hound (D:4)
  An orc wizard (D:4)
  An iguana (D:4)
  3 worker ants (D:4)
  A hound skeleton (D:4)
  An adder (D:3)
  An ooze (D:4)
  A leopard gecko (D:2)
  4 orcs (D:4)
  2 ball pythons
  A giant cockroach (D:2)
  12 jackals
  2 bats
  A frilled lizard (D:2)
  2 goblins (D:3)
  2 kobolds
  2 rats (D:3)
41 creatures vanquished.

Notes
Turn   | Place    | Note
-------+----------+-------------------------------------------
     0 | D:1      | Flugslaktarn the Deep Dwarf Fighter began the quest for the
                  | Orb.
     0 | D:1      | Reached XP level 1. HP: 20/20 MP: 1/1
    57 | D:2      | Reached XP level 2. HP: 22/27 MP: 2/2
    58 | D:2      | Found a faded altar of an unknown god.
   240 | D:3      | Reached skill level 3 in Axes
   240 | D:3      | Reached XP level 3. HP: 25/33 MP: 3/3
   319 | D:4      | Reached XP level 4. HP: 38/42 MP: 4/4
   328 | D:4      | Reached skill level 4 in Axes
   338 | D:4      | Reached XP level 5. HP: 31/49 MP: 4/4
   343 | D:4      | Noticed an ogre
   370 | D:4      | HP: 2/49 [ogre/+0 giant spiked club (22)]
   380 | D:4      | Killed an ogre
   380 | D:4      | Reached XP level 6. HP: 37/56 MP: 5/5
   452 | D:4      | Reached skill level 5 in Axes
   491 | D:4      | Slain by an ogre

Levels and vault maps discovered:
D:1:      saegor_arrival_simple_a, layout_basic, nemelex_diamond_rough_becter
D:2:      layout_loops_ring, lemuel_coloured_pillars_altar,
          chequers_ecumenical_altar_island
D:3:      layout_loops_cross, overflow_temple_1_default, first_ration,
          doesnt_xom_only_xom
D:4:      minmay_inner_zag, layout_layer_cave, minivault_14

Skill      XL: |  1  2  3  4  5  6 |
---------------+-------------------+-----
Axes           | 3 4 5 |  5.0
Fighting       | 3 |  3.7
Shields        | 4 |  4.5
Armour         | 4 |  4.5

Action                   |  1- 3 |  4- 6 || total
-------------------------+-------+-------++-------
Melee: War axe           |    54 |    63 ||   117
 Abil: Heal Wounds       |     1 |     7 ||     8
Armor: Scale mail        |    43 |    25 ||    68
Dodge: Dodged            |    21 |    33 ||    54
Block: Kite shield       |    41 |    44 ||    85

Table legend:
 A = Non-vault XP
 B = Vault XP
 C = Vault XP percentage of total XP
 D = Non-vault monster count
 E = Vault monster count
 F = Vault count percentage of total count
                 A         B        C        D         E       F
            +---------+---------+-------+---------+---------+-------
      Total |     439 |      72 |  14.1 |      39 |       2 |   4.9
            +---------+---------+-------+---------+---------+-------
        D:1 |       1 |       0 |   0.0 |       1 |       0 |   0.0
        D:2 |      21 |       0 |   0.0 |      11 |       0 |   0.0
        D:3 |      29 |       0 |   0.0 |      11 |       0 |   0.0
        D:4 |     388 |      72 |  15.7 |      16 |       2 |  11.1
            +---------+---------+-------+---------+---------+-------
